[ PARTIDA AOE2 · #475657111 ]
UnrankedMagiares vs Ethiopians
Equipo del jugador · VICT
Equipo rival · DERR
[ ANÁLISIS DE REPETICIÓN · EXTRAÍDO DE LA PARTIDA GRABADA ]
Feudal
9:15
Castillos
19:55
Imperial
—
| APM promedio | 62.5 |
| APM pico | 107 |
| eAPM promedio | 19.1 |
| Aldeanos / militares | 58 / 17 |
Foco
⚔️ 20.8% · 🌾 79.2%
Knight ×8 · Scout Cavalry ×6 · Skirmisher ×3
Feudal
9:31
Castillos
21:38
Imperial
—
| APM promedio | 56.3 |
| APM pico | 99 |
| eAPM promedio | 24.8 |
| Aldeanos / militares | 49 / 24 |
Foco
⚔️ 46.0% · 🌾 54.0%
Archer ×21 · Spearman ×3
Mapa de la partida
Recursos iniciales + cada clic de construcción. Líneas = muros · curvas = relieve. ◆ oro · ⬟ piedra · ● bayas · ✦ reliquia · ◌ hueco del cierre
Inputs por minuto
— chini - - FirebirD
Build order — chini
Primeras 150 de 153 acciones detectadas
| 0:00 | Crear | Villager (Male) |
| 0:00 | Crear | Villager (Male) |
| 0:01 | Crear | Villager (Male) |
| 0:01 | Crear | Villager (Male) |
| 0:02 | Construir | House |
| 0:02 | Construir | House |
| 1:25 | Crear | Villager (Male) |
| 1:45 | Construir | Lumber Camp |
| 1:53 | Crear | Villager (Male) |
| 1:53 | Crear | Villager (Male) |
| 2:26 | Crear | Villager (Male) |
| 2:53 | Crear | Villager (Male) |
| 3:21 | Crear | Villager (Male) |
| 3:21 | Crear | Villager (Male) |
| 3:34 | Construir | House |
| 3:34 | Construir | House |
| 3:48 | Crear | Villager (Male) |
| 3:48 | Crear | Villager (Male) |
| 3:48 | Crear | Villager (Male) |
| 4:24 | Construir | Mill |
| 4:42 | Crear | Villager (Male) |
| 4:42 | Crear | Villager (Male) |
| 4:42 | Crear | Villager (Male) |
| 4:42 | Crear | Villager (Male) |
| 5:31 | Crear | Villager (Male) |
| 5:31 | Crear | Villager (Male) |
| 5:43 | Crear | Villager (Male) |
| 6:33 | Crear | Villager (Male) |
| 7:00 | Construir | Lumber Camp |
| 7:05 | Investigar | Feudal Age |
| 7:05 | Investigar | Feudal Age |
| 7:43 | Construir | Barracks |
| 8:37 | Construir | House |
| 8:37 | Construir | Palisade Wall |
| 9:15 | Edad | Edad Feudal |
| 9:18 | Construir | Stable |
| 9:27 | Crear | Villager (Male) |
| 9:27 | Crear | Villager (Male) |
| 9:28 | Investigar | Double-Bit Axe |
| 9:28 | Investigar | Double-Bit Axe |
| 9:29 | Investigar | Horse Collar |
| 9:29 | Investigar | Horse Collar |
| 10:05 | Crear | Villager (Male) |
| 10:06 | Crear | Scout Cavalry |
| 10:29 | Crear | Villager (Male) |
| 10:32 | Construir | House |
| 10:33 | Construir | House |
| 10:42 | Crear | Scout Cavalry |
| 10:43 | Crear | Scout Cavalry |
| 10:54 | Construir | Farm |
| 11:02 | Crear | Scout Cavalry |
| 11:04 | Crear | Villager (Male) |
| 11:11 | Construir | Farm |
| 11:29 | Construir | House |
| 11:32 | Crear | Scout Cavalry |
| 11:34 | Crear | Villager (Male) |
| 11:37 | Construir | Farm |
| 11:40 | Construir | Farm |
| 11:55 | Crear | Villager (Male) |
| 12:02 | Construir | Archery Range |
| 12:12 | Crear | Villager (Male) |
| 12:51 | Crear | Villager (Male) |
| 12:51 | Crear | Villager (Male) |
| 12:58 | Crear | Scout Cavalry |
| 12:58 | Crear | Villager (Male) |
| 12:59 | Crear | Skirmisher |
| 13:00 | Crear | Skirmisher |
| 13:25 | Crear | Villager (Male) |
| 13:29 | Crear | Skirmisher |
| 13:32 | Construir | House |
| 13:33 | Construir | Palisade Wall |
| 13:47 | Crear | Villager (Male) |
| 13:49 | Construir | Farm |
| 13:50 | Construir | Farm |
| 13:51 | Construir | Farm |
| 13:53 | Construir | Farm |
| 14:00 | Crear | Villager (Male) |
| 14:38 | Construir | Farm |
| 14:40 | Construir | Farm |
| 14:46 | Construir | Blacksmith |
| 14:51 | Construir | Palisade Wall |
| 14:52 | Construir | Palisade Wall |
| 15:02 | Construir | Farm |
| 15:24 | Crear | Villager (Male) |
| 15:25 | Crear | Villager (Male) |
| 15:30 | Construir | Market |
| 15:46 | Construir | Palisade Wall |
| 15:58 | Construir | Mining Camp |
| 16:01 | Construir | Farm |
| 16:15 | Crear | Villager (Male) |
| 16:27 | Construir | Farm |
| 16:28 | Construir | Farm |
| 16:29 | Construir | Farm |
| 17:10 | Construir | House |
| 17:15 | Investigar | Castle Age |
| 17:29 | Construir | Palisade Wall |
| 17:36 | Construir | Palisade Gate |
| 17:38 | Construir | Palisade Wall |
| 17:48 | Construir | Stable |
| 17:54 | Investigar | Bloodlines |
| 18:17 | Investigar | Gold Mining |
| 18:17 | Investigar | Gold Mining |
| 18:21 | Construir | House |
| 18:22 | Construir | House |
| 18:27 | Construir | Palisade Wall |
| 18:40 | Construir | House |
| 18:43 | Construir | House |
| 18:45 | Construir | House |
| 18:52 | Construir | House |
| 18:54 | Construir | House |
| 19:00 | Investigar | Scale Barding Armor |
| 19:00 | Investigar | Scale Barding Armor |
| 19:04 | Construir | Palisade Wall |
| 19:55 | Edad | Edad de los Castillos |
| 19:58 | Crear | Knight |
| 19:58 | Crear | Knight |
| 19:59 | Crear | Villager (Male) |
| 20:00 | Investigar | Bow Saw |
| 20:00 | Investigar | Bow Saw |
| 20:29 | Construir | Town Center |
| 20:39 | Crear | Villager (Male) |
| 20:39 | Crear | Villager (Male) |
| 20:43 | Construir | Farm |
| 20:53 | Crear | Knight |
| 20:53 | Crear | Knight |
| 21:09 | Crear | Villager (Male) |
| 21:12 | Investigar | Loom |
| 21:41 | Crear | Knight |
| 21:41 | Crear | Knight |
| 21:42 | Crear | Villager (Male) |
| 21:42 | Crear | Villager (Male) |
| 21:51 | Crear | Villager (Male) |
| 21:52 | Crear | Villager (Male) |
| 21:52 | Crear | Villager (Male) |
| 21:58 | Construir | Farm |
| 21:59 | Construir | Farm |
| 22:01 | Construir | Farm |
| 22:02 | Construir | Farm |
| 22:10 | Crear | Villager (Male) |
| 22:18 | Construir | Siege Workshop |
| 22:31 | Investigar | Husbandry |
| 22:32 | Crear | Knight |
| 23:11 | Crear | Knight |
| 23:12 | Crear | Villager (Male) |
| 23:12 | Crear | Villager (Male) |
| 23:12 | Crear | Villager (Male) |
| 23:40 | Crear | Villager (Male) |
| 23:41 | Crear | Villager (Male) |
| 23:41 | Crear | Villager (Male) |
| 23:47 | Construir | Town Center |
Build order — FirebirD
146 acciones detectadas en el replay
| 0:00 | Crear | Villager (Male) |
| 0:01 | Crear | Villager (Male) |
| 0:01 | Crear | Villager (Male) |
| 0:01 | Construir | House |
| 0:02 | Construir | House |
| 0:20 | Crear | Villager (Male) |
| 1:28 | Crear | Villager (Male) |
| 1:49 | Construir | Lumber Camp |
| 1:53 | Crear | Villager (Male) |
| 1:53 | Crear | Villager (Male) |
| 2:23 | Crear | Villager (Male) |
| 2:39 | Crear | Villager (Male) |
| 3:11 | Crear | Villager (Male) |
| 3:31 | Crear | Villager (Male) |
| 3:49 | Construir | House |
| 4:01 | Crear | Villager (Male) |
| 4:16 | Construir | Mill |
| 4:21 | Crear | Villager (Male) |
| 4:50 | Crear | Villager (Male) |
| 5:19 | Crear | Villager (Male) |
| 5:36 | Crear | Villager (Male) |
| 5:36 | Investigar | Loom |
| 6:33 | Construir | House |
| 6:41 | Crear | Villager (Male) |
| 7:01 | Construir | Barracks |
| 7:21 | Investigar | Feudal Age |
| 7:48 | Construir | House |
| 7:53 | Construir | Lumber Camp |
| 8:01 | Construir | Palisade Wall |
| 8:55 | Construir | Mining Camp |
| 9:06 | Crear | Villager (Male) |
| 9:22 | Construir | Palisade Wall |
| 9:23 | Construir | Palisade Wall |
| 9:23 | Construir | Palisade Wall |
| 9:25 | Construir | Palisade Wall |
| 9:27 | Construir | Palisade Wall |
| 9:31 | Edad | Edad Feudal |
| 9:33 | Construir | Archery Range |
| 9:36 | Crear | Spearman |
| 9:44 | Construir | Palisade Wall |
| 9:51 | Crear | Villager (Male) |
| 9:52 | Crear | Villager (Male) |
| 9:54 | Construir | Palisade Wall |
| 10:05 | Crear | Villager (Male) |
| 10:17 | Crear | Villager (Male) |
| 10:18 | Crear | Archer |
| 10:18 | Crear | Archer |
| 10:20 | Construir | House |
| 10:29 | Crear | Villager (Male) |
| 10:30 | Crear | Spearman |
| 10:38 | Construir | Palisade Wall |
| 10:41 | Crear | Villager (Male) |
| 10:57 | Crear | Archer |
| 11:15 | Construir | House |
| 11:16 | Construir | Palisade Wall |
| 11:25 | Crear | Villager (Male) |
| 11:29 | Construir | Palisade Wall |
| 11:40 | Crear | Villager (Male) |
| 11:42 | Crear | Archer |
| 11:56 | Construir | Blacksmith |
| 12:17 | Construir | Palisade Wall |
| 12:18 | Construir | Palisade Wall |
| 12:19 | Construir | House |
| 12:21 | Crear | Archer |
| 12:33 | Crear | Spearman |
| 12:38 | Crear | Archer |
| 12:59 | Crear | Archer |
| 13:07 | Crear | Villager (Male) |
| 13:07 | Crear | Villager (Male) |
| 13:44 | Crear | Villager (Male) |
| 13:49 | Construir | Palisade Gate |
| 13:51 | Construir | Palisade Wall |
| 13:52 | Construir | Palisade Wall |
| 13:53 | Construir | Palisade Wall |
| 14:01 | Crear | Villager (Male) |
| 14:03 | Construir | Farm |
| 14:04 | Construir | Farm |
| 14:04 | Construir | Farm |
| 14:04 | Construir | Farm |
| 14:04 | Construir | Farm |
| 14:05 | Construir | Farm |
| 14:14 | Construir | Farm |
| 14:15 | Construir | Farm |
| 14:28 | Crear | Villager (Male) |
| 14:46 | Crear | Archer |
| 14:51 | Construir | Farm |
| 14:57 | Crear | Villager (Male) |
| 15:14 | Crear | Archer |
| 15:15 | Crear | Villager (Male) |
| 15:25 | Construir | Stable |
| 15:28 | Crear | Villager (Male) |
| 15:43 | Investigar | Fletching |
| 15:45 | Crear | Archer |
| 15:50 | Construir | House |
| 15:57 | Crear | Villager (Male) |
| 16:07 | Crear | Archer |
| 16:12 | Construir | Farm |
| 16:17 | Construir | Farm |
| 16:29 | Crear | Villager (Male) |
| 16:44 | Crear | Archer |
| 17:02 | Crear | Villager (Male) |
| 17:14 | Construir | Farm |
| 17:26 | Crear | Archer |
| 17:27 | Crear | Villager (Male) |
| 17:34 | Construir | House |
| 17:49 | Crear | Villager (Male) |
| 18:16 | Construir | Farm |
| 18:17 | Crear | Villager (Male) |
| 18:34 | Construir | House |
| 18:39 | Crear | Archer |
| 18:47 | Construir | Farm |
| 18:58 | Investigar | Castle Age |
| 18:58 | Investigar | Castle Age |
| 19:03 | Crear | Archer |
| 19:29 | Investigar | Double-Bit Axe |
| 19:30 | Investigar | Horse Collar |
| 19:30 | Investigar | Horse Collar |
| 19:33 | Crear | Archer |
| 19:50 | Crear | Archer |
| 20:11 | Investigar | Gold Mining |
| 20:26 | Construir | Archery Range |
| 21:04 | Crear | Villager (Male) |
| 21:06 | Crear | Archer |
| 21:06 | Crear | Archer |
| 21:38 | Edad | Edad de los Castillos |
| 21:42 | Construir | University |
| 21:46 | Investigar | Crossbowman (upgrade) |
| 21:47 | Investigar | Bodkin Arrow |
| 21:59 | Construir | Market |
| 22:03 | Crear | Archer |
| 22:04 | Crear | Villager (Male) |
| 22:04 | Crear | Villager (Male) |
| 22:11 | Construir | Lumber Camp |
| 22:17 | Crear | Archer |
| 22:21 | Construir | House |
| 22:22 | Construir | House |
| 22:25 | Construir | House |
| 22:44 | Construir | House |
| 23:06 | Crear | Villager (Male) |
| 23:06 | Crear | Villager (Male) |
| 23:25 | Construir | House |
| 24:16 | Investigar | Ballistics |
| 24:20 | Crear | Villager (Male) |
| 24:21 | Crear | Villager (Male) |
| 24:21 | Crear | Villager (Male) |
| 24:26 | Crear | Villager (Male) |
Cronología de la partida
| 7:01 | FirebirD · first_building Barracks |
| 7:43 | chini · first_building Barracks |
| 8:01 | FirebirD · wall_segment Palisade Wall x3 |
| 8:37 | chini · wall_segment Palisade Wall x1 |
| 9:15 | chini · age_up feudal |
| 9:18 | chini · first_building Stable |
| 9:22 | FirebirD · wall_segment Palisade Wall x1 |
| 9:23 | FirebirD · wall_segment Palisade Wall x1 |
| 9:23 | FirebirD · wall_segment Palisade Wall x1 |
| 9:25 | FirebirD · wall_segment Palisade Wall x1 |
| 9:27 | FirebirD · wall_segment Palisade Wall x1 |
| 9:31 | FirebirD · age_up feudal |
| 9:33 | FirebirD · first_building Archery Range |
| 9:44 | FirebirD · wall_segment Palisade Wall x1 |
| 9:54 | FirebirD · wall_segment Palisade Wall x1 |
| 10:38 | FirebirD · wall_segment Palisade Wall x4 |
| 11:16 | FirebirD · wall_segment Palisade Wall x7 |
| 11:29 | FirebirD · wall_segment Palisade Wall x14 |
| 12:02 | chini · first_building Archery Range |
| 12:17 | FirebirD · wall_segment Palisade Wall x1 |
| 12:18 | FirebirD · wall_segment Palisade Wall x1 |
| 13:33 | chini · wall_segment Palisade Wall x4 |
| 13:51 | FirebirD · wall_segment Palisade Wall x1 |
| 13:52 | FirebirD · wall_segment Palisade Wall x1 |
| 13:53 | FirebirD · wall_segment Palisade Wall x1 |
| 14:51 | chini · wall_segment Palisade Wall x7 |
| 14:52 | chini · wall_segment Palisade Wall x4 |
| 15:25 | FirebirD · first_building Stable |
| 15:46 | chini · wall_segment Palisade Wall x6 |
| 16:45 | chini · first_market_sell 100 wood |
| 17:29 | chini · wall_segment Palisade Wall x12 |
| 17:38 | chini · wall_segment Palisade Wall x3 |
| 18:27 | chini · wall_segment Palisade Wall x1 |
| 19:04 | chini · wall_segment Palisade Wall x4 |
| 19:55 | chini · age_up castle |
| 21:38 | FirebirD · age_up castle |
| 22:18 | chini · first_building Siege Workshop |
| 24:30 | FirebirD · resign |
[ ANÁLISIS IA · 1 CRÉDITO ]
¿Qué pasó realmente en esta partida?
Wolo.gg analiza cada decisión: build order, eco, micro, errores típicos por bracket. Análisis personalizado por WhatsApp o Discord en 30 segundos.
Guía civ
Magiares
Perfil
Jugador #704015